[Event "*** Titled Tuesday Blitz"]
[Site "Chess.com"]
[Date "2021.04.06"]
[Round "7"]
[White "GregShahade"]
[Black "DeTimmerman"]
[Result "1/2-1/2"]
[WhiteElo "2731"]
[BlackElo "2840"]
[TimeControl "180+1"]
[EndTime "11:19:40 PDT"]
[Termination "Game drawn by repetition"]

1. e4 e5 2. Nf3 Nc6 3. Bb5 f5 4. d3 fxe4 5. dxe4 Nf6 6. O-O d6 7. a3 Be7 8. Bc4 Bg4 9. Qd3 Qd7 10. h3 Be6 11. Nc3 h6 12. Nd5 O-O 13. Nxc7 Qxc7 14.
Bxe6+ Kh8 15. Nh4 Rfd8 16. Ng6+ Kh7 17. Bf5 Kg8 18. Qb3+ d5 19. exd5 Rxd5 20. Be6+ Kh7 21. Nxe7 Nxe7 22. Bxd5 Nexd5 23. Be3 b5 24. Rad1 Qc6 25.
Rd2 a5 26. Rfd1 a4 27. Qd3+ e4 28. Qd4 Rc8 29. c3 Rc7 30. Qe5 Re7 31. Qg3 Qe6 32.
Rd4 Qf5 33. c4 bxc4 34. Rxc4 Re6 35. Rxa4 Nh5 36. Qg4 Nxe3 37. Qxf5+ Nxf5 38. g4 e3 39. gxf5 Re5 40. fxe3 Rxe3 41. Rg4 Nf6 42. Rg2 Rxh3 43. Ra1 Nd5 44. a4 Ne3 45. a5 Nxg2 46. Kxg2 Rb3 47. a6 Rxb2+ 48. Kf3 Rb8 49. a7 Ra8 50. Ke4 g6 51. f6 Kg8 52. Kd5 Kf7 53. Kc6 Kxf6 54. Kb7 Rxa7+ 55. Kxa7 h5 56. Kb6 h4 57. Kc5 Ke5 58. Kc4 Ke4 59. Kc3 Ke3 60. Re1+ Kf2 61.
Kd2 h3 62. Re6 h2 63. Rf6+ Kg2 64. Rxg6+ Kf2 65. Rf6+ Kg2 66. Rg6+ Kf2 67. Rh6 Kg2 68. Ke2 h1=Q 69. Rg6+ Kh2 70. Rh6+ Kg2 71. Rg6+ Kh3 72. Rh6+ Kg2 1/2-1/2

[Event "*** Titled Tuesday Blitz"]
[Site "Chess.com"]
[Date "2021.04.06"]
[Round "7"]
[White "DrVelja"]
[Black "GoltsevDmitry2000"]
[Result "0-1"]
[WhiteElo "2861"]
[BlackElo "2756"]
[TimeControl "180+1"]
[EndTime "11:19:41 PDT"]
[Termination "GoltsevDmitry2000 won by checkmate"]

1. e4 c5 2. Nf3 e6 3. d4 cxd4 4. Nxd4 a6 5. c4 Qc7 6. Nc3 Nc6 7. Be3 Nf6 8. Be2 Bb4 9. f3 h5 10. O-O Bd6 11. f4 Nxd4 12. Qxd4 e5 13. Qd2 exf4 14. Bxf4 Bxf4 15. Rxf4 d6 16. Rd1 Qb6+ 17. Kh1 Be6 18. Qxd6 Qxd6 19. Rxd6 Nd7 20. Kg1 h4 21. Nd5 O-O-O 22.
Bg4 g5 23. Rxf7 Bxg4 24. c5 Rhf8 25. Rg7 Be2 26. h3 Bb5 27. b3 Rfe8 28. a4 Bc6 29.
Ne7+ Kc7 30. Nd5+ Bxd5 31. exd5 Re1+ 32. Kh2 Rc1 33. b4 a5 34. Rb6 Kc8 35. Rb5 axb4 36. c6 bxc6 37. dxc6 Rxc6 38. Rgxg5 Rb6 39. Rg4 b3 40. Rgb4 Rxb5 41. axb5 Rh8 42. Rxb3 Kc7 43.
Rc3+ Kb6 44. g3 hxg3+ 45. Kxg3 Kxb5 46. h4 Nf6 47. Rf3 Ne4+ 48. Kg4 Kc5 49. Rd3 Nf2+ 50. Kg5 Nxd3 51. Kg6 Ne5+ 52. Kf6 Nc4 53. Kg5 Kd5 54. h5 Ne5 55. h6 Ke6 56. Kh5 Nf7 57. h7 Rxh7+ 58. Kg6 Rh1 59. Kg7 Ne5 60. Kf8 Rg1 61. Ke8 Rg8# 0-1

[Event "*** Titled Tuesday Blitz"]
[Site "Chess.com"]
[Date "2021.04.06"]
[Round "7"]
[White "VinzentSpitzl"]
[Black "juancruzarias"]
[Result "1-0"]
[WhiteElo "2420"]
[BlackElo "2549"]
[TimeControl "180+1"]
[EndTime "11:19:41 PDT"]
[Termination "VinzentSpitzl won on time"]

1. d4 Nf6 2. c4 c5 3. Nf3 g6 4.
g3 Bg7 5. Bg2 O-O 6. O-O cxd4 7.
Nxd4 Nc6 8. Nc3 Qa5 9. h3 d6 10. Be3 Bd7 11. Rc1 Nxd4 12. Bxd4 Bc6 13. Nd5 Bxd5 14. cxd5 Rfc8 15. Qb3 Qa6 16. e4 Nd7 17.
Be3 Ne5 18. Rfd1 b6 19. Bf1 Qb7 20. f4 Nd7 21. Bb5 Rxc1 22. Rxc1 Rc8 23. Bc6 Qc7 24.
Qc2 Nb8 25. Kf2 e6 26. Qe2 Qe7 27. Rc2 h5 28. Ba8 Re8 29. dxe6 fxe6 30. Kg2 Qd7 31. Qd3 e5 32. Bd5+ Kh8 33. f5 gxf5 34. exf5 Rc8 35. Rf2 Rf8 36. Bg5 Qe8 37. f6 Nd7 38.
fxg7+ Kxg7 39. Rxf8 Nxf8 40. Qe3 Qg6 41. Be4 Qe6 42. h4 d5 43. Bc2 Nd7 44. Qd3 e4 45.
Qd4+ Kg6 46. Qe3 Nc5 47. Qf4 Nd7 48. Qe3 Ne5 49. Qd4 Ng4 50. Qh8 Qf7 51. Qh6+ Kf5 52.
Qd6 1-0

[Event "*** Titled Tuesday Blitz"]
[Site "Chess.com"]
[Date "2021.04.06"]
[Round "7"]
[White "FairChess_on_YouTube"]
[Black "Eltaj_Safarli"]
[Result "0-1"]
[WhiteElo "3001"]
[BlackElo "2921"]
[TimeControl "180+1"]
[EndTime "11:19:42 PDT"]
[Termination "Eltaj_Safarli won by resignation"]

1. e4 c5 2. Nf3 Nc6 3. d4 cxd4 4. Nxd4 Nf6 5. Nc3 e6 6. a3 Be7 7.
Be2 O-O 8. O-O d5 9. exd5 Nxd5 10. Nxc6 bxc6 11. Ne4 Rb8 12. Bd3 c5 13. Qh5 f5 14.
Ng5 h6 15. Nf3 Bf6 16. Re1 Bxb2 17. Rb1 Qf6 18. Bc4 Bd7 19. Rxb2 Rxb2 20. Bxb2 Qxb2 21. Ne5 Qc3 22. Qe2 Bc8 23. h4 Nf4 24. Qd1 Bb7 25. Re3 Qd4 26. Qxd4 cxd4 27. Rb3 Bxg2 28. Bxe6+ Nxe6 29. Kxg2 Rc8 30. Rb7 Rxc2 31. Rxa7 Rc3 32.
Ng6 d3 33. Ne7+ Kh7 34. Nxf5 Nf4+ 35. Kh2 d2 36. Rd7 Rd3 37. Rxd3 Nxd3 38. Ne3 Nxf2 39.
Kg3 d1=Q 40. Nxd1 Nxd1 41. a4 Nc3 42. a5 g5 43. a6 Nb5 44. hxg5 hxg5 45. Kf3 Kg6 46.
Ke4 Kh5 47. Kd3 g4 48. Kc4 Na7 49. Kc5 g3 50. Kb6 Nc8+ 51. Kc7 Na7 52. Kb6 Nc8+ 53. Kc7 g2 54. Kxc8 g1=Q 55. Kb7 Qb1+ 56. Ka8 Qe4+ 57. Kb8 Qb4+ 58. Ka8 Qc5 59. Kb7 Qb5+ 60. Ka7 Kg5 0-1

[Event "*** Titled Tuesday Blitz"]
[Site "Chess.com"]
[Date "2021.04.06"]
[Round "7"]
[White "Stormeman100100"]
[Black "XDPS"]
[Result "0-1"]
[WhiteElo "2533"]
[BlackElo "2751"]
[TimeControl "180+1"]
[EndTime "11:19:42 PDT"]
[Termination "XDPS won by resignation"]

1. d4 d5 2. c4 c6 3. Nf3 Nf6 4. e3 g6 5. Nc3 Bg7 6. cxd5 cxd5 7. Be2 O-O 8. O-O Bg4 9. Bd2 Nc6 10. Rc1 Bxf3 11.
Bxf3 e6 12. Na4 Qe7 13. Qb3 Rfc8 14. Rc2 Ne8 15. Rfc1 Nd6 16. Qa3 Bf8 17. Nc5 Nc4 18.
Qa4 a6 19. Be1 Qc7 20. Qb3 b6 21. Na4 b5 22. Nc5 Bxc5 23. dxc5 N6e5 24. Be2 Qxc5 25. Qc3 Qd6 26. Qd4 Nc6 27. Qh4 Qd8 28. Qh6 Ne7 29.
Bd3 Qf8 30. Qh4 e5 31. b3 Nd6 32. Bb4 Rxc2 33. Rxc2 Qd8 34. Qf6 Nef5 35. Qxe5 Rc8 36. Rxc8 Nxc8 37. Bxf5 gxf5 38. Bc3 f6 39. Qe6+ Kg7 40.
Qxf5 Nb6 41. Qg5+ Kf7 42. Qh5+ Kg7 43. Qg4+ Kf7 44. Bd4 Nc8 45. h3 Nd6 46. Qh5+ Ke6 47. Qxh7 Ne4 48. Qh5 Qg8 49. Qg4+ Qxg4 50. hxg4 Nd2 51. f3 Nb1 52. Kf2 Na3 53. f4 Nc2 54.
f5+ Kf7 55. Kf3 Nb4 56. a4 bxa4 57. bxa4 Nc2 58. Bc5 Ne1+ 59. Kf4 Nd3+ 60. Kg3 Nxc5 61. Kh4 Nxa4 62. g5 fxg5+ 63. Kxg5 Nc3 64. f6 a5 0-1

[Event "*** Titled Tuesday Blitz"]
[Site "Chess.com"]
[Date "2021.04.06"]
[Round "7"]
[White "jens1102"]
[Black "rquery98"]
[Result "0-1"]
[WhiteElo "2508"]
[BlackElo "2655"]
[TimeControl "180+1"]
[EndTime "11:19:42 PDT"]
[Termination "rquery98 won by resignation"]

1. d4 Nf6 2. Nf3 g6 3. b3 Bg7 4. e3 O-O 5. Bb2 d6 6. Bd3 Nbd7 7. O-O e5 8. dxe5 dxe5 9. Nxe5 Nd5 10. Nc4 Bxb2 11.
Nxb2 Qf6 12. Qc1 Ne5 13. Be2 Bf5 14. c4 Bxb1 15. cxd5 Be4 16. f4 Nd7 17. Bf3 Bxf3 18. Rxf3 Nb6 19. Qd2 Nxd5 20. Qxd5 Qxb2 21. Qd4 Qxd4 22.
exd4 Rad8 23. Rd1 Rd5 24. Rc3 c6 25. Rc5 Rfd8 26. Rc4 c5 27. Rdc1 cxd4 28. Rc8 Rxc8 29. Rxc8+ Kg7 30. Kf2 d3 31. Ke1 b5 32. Kd2 b4 33.
Re8 Ra5 34. Kxd3 Rxa2 35. g3 Rxh2 36. Kc4 a5 37. Ra8 Rc2+ 38. Kb5 Rc3 39. Ka4 Rxg3 40.
Rxa5 h5 41. Kxb4 h4 42. Ra2 Rg4 43. Rf2 g5 44. Kc5 Rxf4 45. Rh2 Kg6 46. b4 Re4 47. b5 Re8 48. Kc6 Kh5 49. Kc7 f5 50. b6 g4 51.
Rd2 Re3 52. Rd5 Rc3+ 53. Kd6 Rb3 54. Rxf5+ Kg6 55. Rf4 Kg5 56. Rf8 Rxb6+ 57. Ke5 Rb5+ 58. Ke4 h3 59. Rg8+ Kh4 60. Kf4 Rb4+ 61. Ke3 Kg3 62.
Rg7 Rb3+ 63. Ke2 Rb2+ 64. Kf1 h2 65. Rh7 Rb1+ 66. Ke2 h1=Q 67. Rxh1 Rxh1 68. Ke3 Rh3 69. Ke4 Kh2 0-1

[Event "*** Titled Tuesday Blitz"]
[Site "Chess.com"]
[Date "2021.04.06"]
[Round "7"]
[White "Chesswizard_2007"]
[Black "Chopper1905"]
[Result "1-0"]
[WhiteElo "2719"]
[BlackElo "2930"]
[TimeControl "180+1"]
[EndTime "11:19:45 PDT"]
[Termination "Chesswizard_2007 won on time"]

1. d4 Nf6 2. c4 e6 3. Nc3 d5 4. cxd5 exd5 5. Bg5 c6 6. e3 h6 7. Bh4 Bf5 8. Qf3 Be6 9. Bxf6 Qxf6 10. Qxf6 gxf6 11. Bd3 a5 12. Nge2 Bd6 13. Kd2 Nd7 14. Nf4 a4 15. a3 b5 16. Nce2 Nb6 17.
Nh5 Ke7 18. Neg3 Nc4+ 19. Kc2 Rhb8 20. Ng7 Kd7 21. N7f5 Bf8 22. Nh5 Bxf5 23. Bxf5+ Ke7 24. Rhb1 b4 25. Bd3 bxa3 26. bxa3 Rxb1 27. Kxb1 Rb8+ 28. Kc1 Rb3 29. Bc2 Rc3 30. Kd1 f5 31. Ng3 Kf6 32. Ne2 Rxa3 33. Rxa3 Bxa3 34. Nc3 Nb2+ 35. Ke2 Bd6 36.
Nxa4 Nc4 37. Bd3 Na5 38. g3 Nb3 39. Bc2 Nc1+ 40. Kd1 Na2 41. Bb3 Nb4 42. Ke2 Kg5 43. Nb2 Kg4 44. h4 Be7 45. Ba4 Bd6 46. Nd1 f6 47.
Nb2 Kh3 48. Nd3 Nxd3 49. Kxd3 Kg2 50. Ke2 c5 51. Bc6 c4 52. Bxd5+ Kg1 53. Bxc4 f4 54. exf4 Kg2 55. Bd5+ Kh3 56. Kf3 Bb4 57. Be6+ Kh2 58. d5 Bc5 59. h5 Kg1 60. Ke4 Kxf2 61. g4 Kg3 62. Kf5 Bd6 63. g5 fxg5 64. fxg5 hxg5 65.
h6 1-0

[Event "*** Titled Tuesday Blitz"]
[Site "Chess.com"]
[Date "2021.04.06"]
[Round "7"]
[White "FGHSMN"]
[Black "Durarbayli"]
[Result "0-1"]
[WhiteElo "2579"]
[BlackElo "2740"]
[TimeControl "180+1"]
[EndTime "11:19:46 PDT"]
[Termination "Durarbayli won by resignation"]

1. e4 c5 2. Nf3 d6 3. d4 cxd4 4. Nxd4 Nf6 5. Nc3 Nc6 6. Be2 e6 7. Be3 Be7 8. O-O O-O 9. Qd2 e5 10. Nb3 Be6 11. Rad1 a6 12. f3 Rc8 13. Nd5 Bxd5 14. exd5 Nb8 15. c4 Nbd7 16. Rc1 Nh5 17. Rfd1 b6 18. a4 a5 19. g3 f5 20. f4 exf4 21.
gxf4 Nhf6 22. Nd4 Ne4 23. Qe1 Bh4 24. Qf1 Ndc5 25. Qh3 Qf6 26. Nxf5 Qxf5 27. Qxh4 Rce8 28. Qg4 Qf7 29. Re1 Nxa4 30. Bf3 Nac5 31. Qg2 Qf5 32.
Rcd1 a4 33. Kh1 Nf6 34. Rg1 g6 35. Bd4 Nh5 36. Bg4 Nxf4 37. Bxf5 Nxg2 38. Bxc5 Rxf5 39. Bxd6 Ne3 40. Rde1 Kf7 41. Bc7 Nxc4 42. d6 Ne5 43. Rgf1 Nd7 44. Rxf5+ gxf5 45. Rf1 Re5 46. Ra1 b5 47.
Rc1 Re2 48. Rf1 Ke6 49. Rg1 Kd5 50. Rg7 Kc6 51. Rf7 Rxb2 52. Rxh7 a3 53. Rh8 a2 54.
Ra8 Rb1+ 55. Kg2 a1=Q 56. Rxa1 Rxa1 57. h4 Ra4 58. Kg3 Rg4+ 59. Kh3 b4 60. h5 b3 61. h6 Rg6 62. h7 Rh6+ 63. Kg3 0-1

[Event "*** Titled Tuesday Blitz"]
[Site "Chess.com"]
[Date "2021.04.06"]
[Round "7"]
[White "Doudou2015"]
[Black "Valeron87"]
[Result "0-1"]
[WhiteElo "2086"]
[BlackElo "2286"]
[TimeControl "180+1"]
[EndTime "11:19:46 PDT"]
[Termination "Valeron87 won by checkmate"]

1. d4 d5 2. c4 c6 3. Nf3 Nf6 4. g3 g6 5. Bg2 Bg7 6. O-O O-O 7. Ne5 Bf5 8. Nc3 Be6 9. b3 dxc4 10. bxc4 Nfd7 11.
Nxd7 Nxd7 12. Bb2 Bxc4 13. Re1 Nb6 14. e3 e5 15. dxe5 Bxe5 16. a4 Be6 17. a5 Nc4 18. Qc2 Nxb2 19. Qxb2 Qf6 20. Rec1 Rad8 21. Ra3 Rd7 22. Qe2 a6 23. Ne4 Qe7 24. Rd3 Rxd3 25. Qxd3 Rd8 26. Qc2 Bf5 27. Qb3 Bg7 28. Nc5 Bc8 29.
Na4 Rd2 30. Nb6 Qf6 31. Rf1 Be6 32.
Qb4 Qc3 33. Qf4 Be5 34. Qg5 Qxa5 35. h4 Bc3 36. Na8 Qxg5 37. hxg5 a5 38. Nc7 a4 39. Nxe6 fxe6 40. Rb1 Bb2 41. Bf1 a3 42. Bc4 Kf7 43. Ba2 b5 44. Kf1 c5 45. Ke1 Rd8 46. Ke2 c4 47. Rd1 Rxd1 48. Kxd1 Ke7 49. Kc2 Kd6 50. f3 Kc5 51. g4 b4 52. f4 b3+ 53. Bxb3 cxb3+ 54. Kxb3 Bc1 55. f5 exf5 56. gxf5 Bxe3 57. fxg6 hxg6 58.
Kxa3 Bxg5 59. Kb2 Kd4 60. Kc2 Ke3 61. Kd1 Kf2 62. Kc2 Bf4 63. Kd3 g5 64. Ke4 g4 65.
Kf5 g3 66. Kxf4 g2 67. Ke4 g1=Q 68. Kd3 Qe1 69. Kc4 Ke3 70. Kd5 Qb4 71. Kc6 Qa5 72. Kd6 Ke4 73. Kd7 Qb6 74. Ke7 Kf5 75. Kf7 Qc7+ 76.
Ke8 Kf6 77. Kf8 Qd8# 0-1

[Event "*** Titled Tuesday Blitz"]
[Site "Chess.com"]
[Date "2021.04.06"]
[Round "7"]
[White "ShapkinAnatoliy"]
[Black "ViktoriyaTarasova"]
[Result "1-0"]
[WhiteElo "2658"]
[BlackElo "2443"]
[TimeControl "180+1"]
[EndTime "11:19:47 PDT"]
[Termination "ShapkinAnatoliy won by resignation"]

1. d4 Nf6 2. c4 e6 3. g3 d5 4.
Nf3 Bb4+ 5. Bd2 Be7 6. Bg2 Nbd7 7. O-O O-O 8. Qc2 c6 9. Bf4 Nh5 10. Bc1 Nhf6 11. Nbd2 b6 12. e4 dxe4 13. Nxe4 Nxe4 14.
Qxe4 Bb7 15. Bf4 Nf6 16. Qe2 c5 17. Rad1 cxd4 18. Rxd4 Qc8 19. Ne5 Bxg2 20. Kxg2 Bc5 21. Rd3 Qb7+ 22. Qf3 Qxf3+ 23. Kxf3 h6 24. h4 Rac8 25. Rfd1 Rfe8 26. b3 Be7 27. Nd7 Nh7 28. h5 Red8 29. Ne5 Rxd3+ 30. Rxd3 Nf6 31. g4 Kf8 32.
Ke2 Ke8 33. f3 Bc5 34. Bd2 Ke7 35. b4 Bd6 36. Nxf7 Bxb4 37. Ne5 Bd6 38. Ng6+ Kd7 39.
Bf4 Ne8 40. Bg3 Kc7 41. Bxd6+ Nxd6 42. Ne5 Rf8 43. Ke3 Re8 44. f4 Re7 45. a4 Nb7 46.
Rd1 Nc5 47. g5 Re8 48. gxh6 gxh6 49. Rg1 Nxa4 50. Rg7+ Kd6 51. Kd4 Rd8 52. Nf7+ Ke7+ 53. Nxd8+ Kxd8 54. Rxa7 Nc5 55. Rh7 Nb3+ 56. Ke5 Nd2 57.
Kd6 Nxc4+ 58. Kxe6 b5 59. Rxh6 b4 60. Rh8+ Kc7 61.
Rg8 b3 62. h6 b2 63. Rg1 Ne5 64. Kxe5 1-0

[Event "*** Titled Tuesday Blitz"]
[Site "Chess.com"]
[Date "2021.04.06"]
[Round "7"]
[White "sergeikim"]
[Black "davigator"]
[Result "1-0"]
[WhiteElo "2528"]
[BlackElo "2371"]
[TimeControl "180+1"]
[EndTime "11:19:47 PDT"]
[Termination "sergeikim won by checkmate"]

1. d4 Nf6 2. c4 e6 3. Nc3 Bb4 4. Qc2 c5 5. dxc5 Nc6 6. Nf3 h6 7. e3 Bxc5 8. Be2 b6 9. O-O O-O 10. a3 Bb7 11. b4 Be7 12. Bb2 Rc8 13. Rfd1 a5 14. b5 Nb8 15. Rac1 d6 16. Nd4 Qc7 17. Bd3 Nbd7 18. Qe2 Nc5 19. Bb1 Ncd7 20. Na4 Nc5 21. Nxc5 Qxc5 22. f3 Rfd8 23. h3 Bf8 24. Qf2 Nd7 25. Qg3 Ne5 26. Ba2 Nd7 27. Kh1 Qe5 28.
Qf2 Qg5 29. e4 Rc7 30. Ne2 Rdc8 31. Bd4 Nc5 32. Be3 Qf6 33. Bd4 Qg5 34. Be3 Qh5 35. Bf4 e5 36. Be3 Qg6 37. Nc3 f5 38. exf5 Qxf5 39.
Bb1 Qf7 40. Qc2 g5 41. Nd5 Bxd5 42. Rxd5 Qe6 43. Bxc5 bxc5 44. Rcd1 Rg7 45. Qe2 Ra8 46. R5d2 Raa7 47. Be4 Qf6 48. b6 Ra6 49. Rb2 Qd8 50. b7 Qb8 51. Qd3 Kh8 52. Qd5 Rc7 53. Qe6 Bg7 54. Qg6 Bf8 55. Qf6+ Bg7 56. Qf5 Bf8 57.
a4 Rg7 58. Rb5 Be7 59. Qc8+ Rg8 60. Qe6 Rg7 61. Qxh6+ Rh7 62. Qxh7# 1-0

[Event "*** Titled Tuesday Blitz"]
[Site "Chess.com"]
[Date "2021.04.06"]
[Round "7"]
[White "Savagelittlemole"]
[Black "olksuna"]
[Result "0-1"]
[WhiteElo "2496"]
[BlackElo "2672"]
[TimeControl "180+1"]
[EndTime "11:19:48 PDT"]
[Termination "olksuna won by resignation"]

1. e4 c5 2. Ne2 e6 3. g3 Nf6 4. Bg2 d6 5. O-O Be7 6. c3 O-O 7. d4 Nc6 8. h3 cxd4 9. cxd4 e5 10. Be3 Re8 11. Nbc3 Bf8 12. Qd2 exd4 13. Nxd4 Ne5 14.
b3 Bd7 15. f4 Ng6 16. Rfd1 Rc8 17. Rac1 Bc6 18. Nxc6 bxc6 19. b4 a5 20. a3 axb4 21. axb4 Rb8 22. Qd4 Qe7 23. Bf2 Nd7 24. Qc4 Rec8 25.
Ba7 Rb7 26. Bf2 Nb6 27. Qa6 Ra8 28. Qe2 Ra3 29. b5 c5 30. e5 Rd7 31. exd6 Qxe2 32.
Nxe2 Rxd6 33. Rxd6 Bxd6 34. Bxc5 Bxc5+ 35. Rxc5 Ne7 36.
Rc7 Kf8 37. Rb7 Nec8 38. Nd4 g6 39. Bc6 Rd3 40. Nf3 Kg7 41. Ne5 Rxg3+ 42. Kh2 Rb3 43.
Rxf7+ Kg8 44. Rc7 Rb2+ 45. Kg3 Nd6 46. Ng4 Nf5+ 47. Kf3 Nd4+ 48. Ke4 Nxc6 49. bxc6 Rc2 50. Nf6+ Kf8 51. Nxh7+ Ke8 52. Nf6+ Kd8 53. Rh7 Rxc6 54. Rh8+ Ke7 55. Nd5+ Nxd5 56. Kxd5 Ra6 57. Ke5 Ra5+ 58.
Ke4 Kf6 59. Rf8+ Kg7 60. Rd8 Ra3 61. Rd3 Ra4+ 62. Kf3 Kf6 63. Rd6+ Kf5 64. Rd5+ Kf6 65. Kg4 Ra1 66. Rd6+ Kg7 67. Ra6 Rxa6 0-1

[Event "*** Titled Tuesday Blitz"]
[Site "Chess.com"]
[Date "2021.04.06"]
[Round "7"]
[White "anon102030"]
[Black "vugarrasulov"]
[Result "1-0"]
[WhiteElo "2752"]
[BlackElo "2861"]
[TimeControl "180+1"]
[EndTime "11:19:49 PDT"]
[Termination "anon102030 won on time"]

1. e4 c5 2. Nc3 e6 3. g3 d5 4. exd5 exd5 5. d4 Nf6 6. Bg2 cxd4 7. Qxd4 Nc6 8. Qa4 d4 9. Nce2 Bb4+ 10. c3 d3 11.
cxb4 O-O 12. Be3 dxe2 13. Nxe2 Ng4 14. Rd1 Qf6 15. b5 Nce5 16. O-O Nf3+ 17. Bxf3 Qxf3 18. Nd4 Qd5 19. Rfe1 Ne5 20. Qb3 Qe4 21. Bf4 Qg6 22.
Rxe5 Bg4 23. f3 Bh3 24. Qd3 Qb6 25. Rh5 Bf5 26. Rxf5 Rad8 27. Be3 Rfe8 28. Bf2 Qg6 29. Rc5 Qd6 30. Rc2 h6 31. Re2 Rf8 32. Red2 Qb4 33. Qb3 Qa5 34. Be3 Rfe8 35. Nf5 Rxd2 36. Rxd2 Qc7 37.
Nd6 Re6 38. Ne4 Re8 39. Qc3 Qe7 40. Bxa7 Qe6 41. Bd4 f5 42. Nf2 Re7 43. Rd3 Qxa2 44. Re3 Rf7 45. Re8+ Kh7 46. Nd3 Qb1+ 47. Kg2 Rd7 48. Re2 Qa2 49. Ne5 Re7 50. Qd3 Qd5 51.
Qxf5+ Kg8 52. Qe4 Qxb5 53. f4 Rc7 54. Bf2 Rc1 55. Re1 Rc8 56. Qe3 Qxb2 57. Re2 Qb1 58. Qe4 Qb5 59. Rd2 Rc1 60. Qd5+ Qxd5+ 61. Rxd5 Rb1 62.
Rd7 b5 63. Bd4 b4 64. Ng6 1-0

[Event "*** Titled Tuesday Blitz"]
[Site "Chess.com"]
[Date "2021.04.06"]
[Round "7"]
[White "chessbia"]
[Black "LileKoridze"]
[Result "1-0"]
[WhiteElo "2342"]
[BlackElo "2450"]
[TimeControl "180+1"]
[EndTime "11:19:49 PDT"]
[Termination "chessbia won by checkmate"]

1. d4 Nf6 2. c4 e6 3. Nc3 Bb4 4. Qc2 O-O 5. Nf3 d5 6. cxd5 exd5 7. Bf4 c6 8. e3 Re8 9. Bd3 Bd6 10. Bg3 Bg4 11. Ne5 Bh5 12. O-O Qe7 13. a3 Nbd7 14.
Nxd7 Qxd7 15. b4 Ng4 16. Bxh7+ Kh8 17. Bf5 Qe7 18. Bxg4 Bxg4 19. b5 Bxg3 20. hxg3 Qd6 21. bxc6 bxc6 22. Na4 Re6 23. Rfc1 Rh6 24. Nc5 Qf6 25.
Qd2 Bf3 26. Qd3 Re8 27. Rab1 Rh7 28. Rb7 Qh6 29. Qxh7+ Kxh7 30. gxf3 Rh8 31. Rcb1 Kg6 32. Kf1 Qh1+ 33. Ke2 Qg2 34. Nd7 Rh2 35. Ne5+ Kh7 36.
Rf1 Qxg3 37. Rxf7 Qh4 38. Rxa7 c5 39. Ng4 Rg2 40. dxc5 Qd8 41. Rh1+ Kg8 42. Ra4 Qd7 43. Rf4 Qb7 44. Kf1 Rxg4 45. Rxg4 Qb1+ 46. Kg2 Qa2 47.
Rh5 Kf7 48. Rhg5 Kf8 49. Rxg7 Qxa3 50. Rc7 Qa2 51. Rf4+ Kg8 52. Rg4+ Kf8 53. Rh4 Kg8 54. Rc8+ Kg7 55. Rc7+ Kf6 56. Rh6+ Kg5 57. Rh3 Qc4 58. Rg3+ Kf5 59. c6 Ke6 60. Rc8 Qa6 61. Rh8 Kd6 62. Rh6+ Kc7 63. Rg7+ Kc8 64. Rh8# 1-0

[Event "*** Titled Tuesday Blitz"]
[Site "Chess.com"]
[Date "2021.04.06"]
[Round "7"]
[White "Artem_Sadovsky"]
[Black "GigaQuparadze"]
[Result "1/2-1/2"]
[WhiteElo "2643"]
[BlackElo "2849"]
[TimeControl "180+1"]
[EndTime "11:19:51 PDT"]
[Termination "Game drawn - insufficient material"]

1. Nf3 c5 2. e3 Nf6 3. b3 g6 4. Bb2 Bg7 5. c4 O-O 6. Be2 b6 7. O-O Bb7 8. d4 cxd4 9. Nxd4 Nc6 10. Bf3 Qc8 11. Nc3 Rd8 12. Rc1 Nxd4 13. exd4 Bh6 14.
Rc2 d6 15. Bxb7 Qxb7 16. d5 Bg7 17. Re1 Re8 18. Nb5 Qd7 19. Rce2 Nh5 20. Bxg7 Nxg7 21.
Nd4 Rac8 22. Qd2 a6 23. Qg5 e5 24. dxe6 fxe6 25. Qg4 Re7 26. h3 Rce8 27. Nf3 Nf5 28. Rd1 e5 29. Red2 e4 30. Nd4 Ng7 31. Qxd7 Rxd7 32.
Nc2 Re6 33. Nb4 a5 34. Nd5 Rb7 35. Re2 b5 36. cxb5 Ne8 37. a4 Re5 38. Rd4 Nc7 39. Nf6+ Kg7 40. Rxd6 Ne6 41. Nxe4 Nf4 42. Re3 Rc7 43.
b6 Rb7 44. Kh2 Nd5 45. Nc5 Rxb6 46. Rxb6 Nxe3 47. Nd3 Rd5 48. fxe3 Rxd3 49. e4 Re3 50.
Rb5 h5 51. h4 Kf6 52. Rxa5 Rxb3 53.
Rb5 Ra3 54. a5 Ra4 55. e5+ Kf5 56. Kh3 Ra3+ 57. g3 Ra2 58. Rc5 Ra3 59. e6+ Kxe6 60. Kg2 Ra2+ 61. Kf3 Ra3+ 62. Kf4 Ra4+ 63. Kg5 Rg4+ 64.
Kh6 Rxg3 65. Rg5 Rg4 66. Rxg6+ Kf7 67. Ra6 Rxh4 68. Kg5 Rh1 69. Rb6 h4 70. Kg4 h3 71.
Kg3 Ke7 72. a6 Kd7 73. a7 Rg1+ 74. Kh2 Ra1 75. Rh6 Kc7 76. Rh7+ Kb6 77. Kxh3 Rh1+ 78.
Kg4 Ra1 79. Kf5 Rxa7 80. Rxa7 Kxa7 1/2-1/2

[Event "*** Titled Tuesday Blitz"]
[Site "Chess.com"]
[Date "2021.04.06"]
[Round "7"]
[White "Rafael_Ventura"]
[Black "Manukyan_Artak"]
[Result "1/2-1/2"]
[WhiteElo "2171"]
[BlackElo "2424"]
[TimeControl "180+1"]
[EndTime "11:19:55 PDT"]
[Termination "Game drawn by stalemate"]

1. e4 c6 2. d4 d5 3. Nc3 dxe4 4. Nxe4 Nf6 5. Nxf6+ exf6 6. Bc4 Bd6 7. Ne2 Qc7 8.
O-O Bxh2+ 9. Kh1 Bd6 10. Re1 O-O 11. g3 b5 12. Bb3 Bb7 13. Kg1 Re8 14. Nf4 Nd7 15.
Bd2 Nf8 16. Qh5 a5 17. a4 bxa4 18. Bxa4 Ng6 19. Nd3 Bxg3 20. Nc5 Bd6 21. Bb3 Bxc5 22. dxc5 Rxe1+ 23. Rxe1 a4 24. Ba2 Qd7 25. Be3 Re8 26.
Rd1 Qe7 27. Rd6 Ne5 28. Kf1 Ba6+ 29. Kg2 Bc4 30. b3 axb3 31. Bxb3 Bxb3 32. cxb3 g6 33.
Qe2 Nd7 34. Qd3 Ne5 35. Qe4 f5 36. Qd4 Ng4 37. Bf4 Qe4+ 38. Qxe4 Rxe4 39. Kf3 Re6 40.
Rd8+ Kg7 41. b4 h5 42. Rc8 Kf6 43. b5 cxb5 44. c6 Ne5+ 45. Bxe5+ Rxe5 46. Rb8 Rc5 47. Rb6 Ke5 48. Ke3 f4+ 49. Kd3 g5 50. c7 Rxc7 51.
Rxb5+ Kf6 52. Ke4 Re7+ 53. Kf3 Kg6 54. Rb6+ f6 55. Rb5 Re5 56. Rb6 Kf5 57. Rb8 g4+ 58.
Kg2 h4 59. Rh8 h3+ 60. Kg1 Re2 61. Rh5+ Ke4 62. Rh6 Kf3 63. Rxf6 Rxf2 64. Ra6 h2+ 65. Kh1 g3 66. Ra3+ Ke4 67. Re3+ Kf5 68. Re5+ Kg4 69. Rg5+ Kf3 70. Rxg3+ Ke2 71. Re3+ Kf1 72. Re1+ Kxe1 1/2-1/2

[Event "*** Titled Tuesday Blitz"]
[Site "Chess.com"]
[Date "2021.04.06"]
[Round "7"]
[White "tjychess"]
[Black "guillembaches"]
[Result "1-0"]
[WhiteElo "2637"]
[BlackElo "2503"]
[TimeControl "180+1"]
[EndTime "11:19:57 PDT"]
[Termination "tjychess won by checkmate"]

1. d4 Nf6 2. c4 e6 3. Nf3 d5 4. Nc3 Be7 5. Bf4 O-O 6. e3 Nbd7 7. c5 b6 8. b4 a5 9. a3 c6 10. h3 h6 11. Bd3 Ba6 12. Bxa6 Rxa6 13. O-O Qc8 14. Qd3 Qb7 15. Rfc1 axb4 16. axb4 Rfa8 17. Rxa6 Rxa6 18. Qb1 b5 19. Nd2 Bd8 20. Nb3 Qa8 21.
Qb2 Ne4 22. Nxe4 dxe4 23. Ra1 Rxa1+ 24. Qxa1 Qxa1+ 25. Nxa1 Nf6 26. Nc2 Nd5 27. Bg3 g5 28. Kf1 f5 29. Bd6 Kf7 30. Ke2 f4 31. exf4 gxf4 32. f3 e3 33. g3 Bg5 34. gxf4 Bxf4 35. Bxf4 Nxf4+ 36. Kxe3 Nxh3 37. d5 cxd5 38. Nd4 e5 39.
Nxb5 Nf4 40. Nd6+ Ke6 41. b5 Kd7 42. Nf7 d4+ 43. Ke4 Ke6 44. Nxe5 Nd5 45. Nd3 Nc3+ 46.
Kxd4 Nxb5+ 47. Kc4 Nc7 48. Nf4+ Kf5 49. Nd3 h5 50. c6 h4 51. Kc5 h3 52. Nf2 Kf4 53.
Nxh3+ Kxf3 54. Ng5+ Kf4 55. Nf7 Kf5 56. Kd6 Nb5+ 57.
Kd7 Kf6 58. Nd6 Na7 59. c7 Ke5 60. Nb5 Nxb5 61. c8=Q Nd4 62. Qc5+ Ke4 63. Qc4 Ke5 64. Qd3 Nf5 65. Kc6 Ne7+ 66. Kc5 Nf5 67. Qe2+ Kf4 68.
Kd5 Ng3 69. Qf2+ Kg4 70. Ke5 Nh5 71. Qf5+ Kh4 72. Qg6 Ng3 73. Kf4 Nh5+ 74. Kf3 Nf4 75. Qg4# 1-0

[Event "*** Titled Tuesday Blitz"]
[Site "Chess.com"]
[Date "2021.04.06"]
[Round "7"]
[White "Ural_bogatyr"]
[Black "PavelChernomordik"]
[Result "1/2-1/2"]
[WhiteElo "2454"]
[BlackElo "2325"]
[TimeControl "180+1"]
[EndTime "11:19:57 PDT"]
[Termination "Game drawn - insufficient material"]

1. e4 g6 2. d4 Bg7 3. Nc3 d6 4. h4 h6 5. Be3 a6 6. a4 b6 7. Qd2 Bb7 8. f3 Nd7 9. g4 e6 10. Bc4 Ne7 11. Nh3 d5 12. Bd3 c5 13.
Nf4 cxd4 14. exd5 dxc3 15. bxc3 Nxd5 16. Nxd5 Bxd5 17. Kf2 Qc7 18. Bd4 e5 19. Qe2 O-O 20. Be3 Qxc3 21. Rad1 Qc6 22. c4 Be6 23. Be4 Qc7 24.
Bxa8 Rxa8 25. Qd2 Qxc4 26. Bxh6 Qd4+ 27. Qxd4 exd4 28. Bxg7 Kxg7 29. Rxd4 Nc5 30. Rb1 Rb8 31. Ke3 Kf6 32. Rdb4 Nd7 33. Rc1 Ke7 34. Rc7 b5 35. Ra7 Rb6 36. axb5 axb5 37. Kd4 Bc4 38. Rc7 Rd6+ 39. Ke4 Rd1 40. Rb2 Kd6 41. Ra7 Nc5+ 42. Ke3 Rd3+ 43. Kf2 f5 44. Kg3 fxg4 45. Kxg4 Ne6 46.
Rb1 Nd4 47. f4 Ne6 48. Rf1 Rd4 49. Rf2 b4 50. Rb7 b3 51. Rb8 Bd5 52. Rb6+ Kc5 53.
Rb8 Rb4 54. Rxb4 Kxb4 55. f5 gxf5+ 56. Kxf5 Nd4+ 57. Ke5 Kc4 58. Rf4 b2 59. Rxd4+ Kc3 60. Rd1 Ba2 61. h5 b1=Q 62. Rxb1 Bxb1 63. h6 Kc4 64.
Kf6 Kd5 65. Kg7 Ke6 66. Kg8 Kf6 67. h7 Bxh7+ 1/2-1/2